 Dungeon Crawl Stone Soup version 0.30-a0-341-g682706514a (webtiles) character file.

Game seed: 211822446102939996

136 KKCryptic the Poker (level 4, -1/37 HPs)
             Began as a Minotaur Gladiator on Nov 3, 2022.
             Shot with an arrow by a centaur (8 damage)
             ... on level 5 of the Dungeon.
             The game lasted 00:06:48 (1356 turns).

KKCryptic the Poker (Minotaur Gladiator)            Turns: 1356, Time: 00:06:49

Health: -1/37      AC:  6    Str: 20    XL:     4   Next: 98%
Magic:  3/3        EV: 12    Int:  5    God:
Gold:   101        SH:  0    Dex: 12    Spells: 3/3 levels left

rFire   . . .      SeeInvis .    a - +0 trident
rCold   . . .      Faith    .    (no shield)
rNeg    . . .      Spirit   .    h - +0 ring mail
rPois   .          Reflect  .    c - +0 hat
rElec   .          Harm     .    (no cloak)
rCorr   .          Rampage  .    t - +0 pair of gloves
Will    .....                    (no boots)
Stlth   +.........               (no amulet)
HPRegen 0.26/turn                (no ring)
MPRegen 0.08/turn                (no ring)

@: hasted, very quick
A: horns 2, retaliatory headbutt
a: no special abilities


You were on level 5 of the Dungeon.
You visited 1 branch of the dungeon, and saw 5 of its levels.

You collected 101 gold pieces.

Inventory:

Hand Weapons
 a - a +0 trident (weapon)
 g - a +0 dagger of speed
 j - a +1 dagger of protection
Missiles
 d - 3 throwing nets (quivered)
 e - a javelin
 q - 14 poisoned darts
Armour
 b - a +0 leather armour
 c - a +0 hat (worn)
 h - a +0 ring mail (worn)
 t - a +0 pair of gloves (worn)
Scrolls
 f - 4 scrolls of identify
 i - 2 scrolls of poison {unknown}
 k - 2 scrolls of magic mapping {unknown}
 l - 3 scrolls of teleportation {unknown}
 m - a scroll of butterflies {unknown}
 n - a scroll of blinking
Potions
 p - 2 potions of curing {unknown}
 r - a potion of ambrosia {unknown}
 s - a potion of heal wounds {unknown}


   Skills:
 - Level 2.4 Fighting
 * Level 5.5 Polearms
 - Level 2.0 Throwing
 + Level 2.5 Armour
 + Level 4.2 Dodging


You had 3 spell levels left.
You didn't know any spells.
Your spell library contained the following spells:

 Spells                   Type           Power      Damage    Failure   Level
 Ignite Poison            Fire/Tmut/Pois 0%         N/A       95%         3
 Kindle Blastsparks       Fire/Tloc/Air  0%         2d10      95%         3
 Freezing Cloud           Conj/Ice/Air   0%         6-21      100%        5


Dungeon Overview and Level Annotations

Branches:
Dungeon (6/15)
 Temple: D:4-7

Altars:

Annotations:
D:6 Eustachio


Innate Abilities, Weirdness & Mutations

You have a pair of horns on your head.
You reflexively headbutt those who attack you in melee.


Message History

There is a stone staircase leading up here.
You climb upwards.
The hound bites you. The hound barely misses you. You furiously retaliate!
You headbutt the hound, but do no damage.
There is a stone staircase leading down here.
Found a grey potion.
The hound closely misses you. The hound closely misses you.
You furiously retaliate!
You headbutt the hound. The hound attacks as you move away!
The hound completely misses you. The hound closely misses you.
The hound attacks as you move away! The hound misses you. x2
You furiously retaliate!
You headbutt the hound. The hound attacks as you move away!
The hound bites you but does no damage. The hound closely misses you.
The hound attacks as you move away! The hound bites you.
The hound attacks as you move away!
The hound bites you but does no damage. x2
The hound attacks as you move away! The hound barely misses you.
You furiously retaliate!
You headbutt the hound!
You kill the hound!
The jelly jiggles.
The centaur shouts!
The centaur wields a +0 shortbow.
The centaur shoots an arrow.
The arrow hits you.
The centaur shoots an arrow.
The arrow barely misses you.
The centaur shoots an arrow.
The arrow barely misses you.
There is a stone staircase leading down here.
The centaur shoots an arrow.
The arrow hits you.
* * * LOW HITPOINT WARNING * * *
The centaur shoots an arrow.
The arrow hits you.
* * * LOW HITPOINT WARNING * * *
p - 2 grey potions (gained 1)
There are no items here.
The centaur shoots an arrow.
The arrow hits you.
* * * LOW HITPOINT WARNING * * *
Okay, then.
Blink to where?
Press: ? - help, Dir - move target You can't see that place.
Okay, then.
You feel yourself speed up.
The centaur shoots an arrow.
The arrow hits you!
You die...

..........c......#.#
...(.........>##.#.#
c.........###.##.#.#
..........##...c...#
........$###..##.#.#
.........# #..##.###
.........# #..##.#
.....##### #..##.#
.....# ....#@#
P.#### .....#.# P.#
.#.. #.# ..# #.. ..#
#### #.. P$# #..#
#..# # #.## ...# #
#.# ...# #.#


You could see a centaur.

Vanquished Creatures
  A hound (D:5)
  An iguana (D:5)
  3 gnolls (D:2)
  An adder (D:2)
  A dart slug (D:2)
  3 bats
  An endoplasm (D:1)
  3 giant cockroaches (D:1)
  3 goblins (D:1)
  2 hobgoblins
  5 kobolds
  A quokka (D:1)
  3 ball pythons
  5 frilled lizards
  10 rats
43 creatures vanquished.

Vanquished Creatures (others)
  23 plants
23 creatures vanquished.

Grand Total: 66 creatures vanquished

Notes
Turn   | Place    | Note
-------+----------+-------------------------------------------
     0 | D:1      | KKCryptic the Minotaur Gladiator began the quest for the
                  | Orb.
     0 | D:1      | Reached XP level 1. HP: 18/18 MP: 0/0
     5 | D:1      | Noticed an electric eel
   197 | D:1      | Reached skill level 4 in Polearms
   206 | D:1      | Reached XP level 2. HP: 25/25 MP: 1/1
   311 | D:1      | Reached skill level 1 in Armour
   821 | D:2      | Reached XP level 3. HP: 30/30 MP: 2/2
  1039 | D:2      | Reached skill level 5 in Polearms
  1039 | D:2      | Reached XP level 4. HP: 33/37 MP: 3/3
  1208 | D:3      | You fall into a shaft and drop 2 floors!
  1208 | D:5      | Entered Level 5 of the Dungeon
  1258 | D:5      | Noticed an ogre
  1258 | D:5      | Noticed a centaur
  1314 | D:6      | Noticed Eustachio
  1356 | D:5      | Shot with an arrow by a centaur

Illustrated notes

Levels and vault maps discovered:
D:1:      arrival_aquarium_a, layout_loops_cross, serial_forest,
          infiniplex_forest_corner_1, infiniplex_forest_lined_1,
          infiniplex_forest_clump_tiny, infiniplex_forest_lined_3,
          infiniplex_forest_lined_2, infiniplex_forest_zigzag_2
D:2:      layout_rooms, minmay_misc_feat_room, amcnicky_mini_pool_small
D:3:      layout_basic, uniq_terence, uniq_ijyb
D:5:      layout_basic, mainiacjoe_overflow_alcove_2, corexii_hall_statues_l,
          serial_bayou_lagoon_a, minmay_misc_feat_encased, hangedman_decor_push
D:6:      layout_basic, makhleb_blood_cavern_becter,
          mainiacjoe_overflow_catwalk, doesnt_xom_only_xom,
          minmay_temple_entry_wispy, minmay_starry_boxes, uniq_maggie,
          uniq_blork_the_orc, uniq_edmund, uniq_eustachio

Skill      XL: |  1  2  3  4 |
---------------+-------------+-----
Polearms       | 4 5 |  5.5
Armour         | 1 2 |  2.5
Dodging        | 4 |  4.2
Fighting       | |  2.4
Throwing       | |  2.0

Action                   |  1- 3 |  4- 6 || total
-------------------------+-------+-------++-------
Melee: Trident           |    92 |    10 ||   102
       Headbutt          |    11 |     2 ||    13
       Punch             |     1 |       ||     1
  Use: Scroll            |     1 |     1 ||     2
       Potion            |       |     1 ||     1
Armor: Ring mail         |    15 |     4 ||    19
Dodge: Dodged            |    45 |    16 ||    61

Table legend: (Time is in decaauts)
 A = Elapsed time spent in this place.
 B = Non-inter-level travel time spent in this place.
 C = Inter-level travel time spent in this place.
 D = Time resting spent in this place.
 E = Time spent auto-exploring this place.
 F = Levels seen in this place.
 G = Mean time per level.
                   A        B        C        D        E       F      G
               +--------+--------+--------+--------+--------+-----+--------+
         Total |   1363 |   1328 |     35 |      0 |    930 |   5 |  272.6 |
       Dungeon |   1363 |   1328 |     35 |      0 |    930 |   5 |  272.6 |
               +--------+--------+--------+--------+--------+-----+--------+

Top non-repeatable levels by time:
     D:1: 693 daAuts
     D:2: 468 daAuts
     D:5: 147 daAuts
     D:3: 52 daAuts
     D:6: 1 daAuts
